 Dungeon Crawl Stone Soup version 0.30-a0-629-gd54f4be4f7 (webtiles) character file.

Game seed: 17669781846843496213

765 Mitcholas the Skirmisher (level 7, -4/41 HPs)
             Began as a Deep Elf Hunter on Jan 12, 2023.
             Slain by a black bear (6 damage)
             ... on level 5 of the Dungeon.
             The game lasted 00:10:01 (3555 turns).

Mitcholas the Skirmisher (Deep Elf Hunter)          Turns: 3555, Time: 00:10:01

Health: -4/41      AC:  4    Str:  8    XL:     7   Next: 51%
Magic:  9/9        EV: 14    Int: 14    God:
Gold:   180        SH:  0    Dex: 20    Spells: 6/6 levels left

rFire   + . .      SeeInvis .    r - +0 shortbow
rCold   . . .      Faith    .    (shield currently unavailable)
rNeg    . . .      Spirit   .    c - +0 leather armour
rPois   +          Reflect  .    (no helmet)
rElec   .          Harm     .    (no cloak)
rCorr   .          Rampage  .    l - +0 pair of gloves
Will    .....                    (no boots)
Stlth   +++                      (no amulet)
HPRegen 0.26/turn                m - ring of poison resistance
MPRegen 0.11/turn                u - ring of protection from fire

@: no status effects
A: no striking features
a: no special abilities


You were on level 5 of the Dungeon.
You visited 1 branch of the dungeon, and saw 5 of its levels.

You collected 180 gold pieces.

Inventory:

Hand Weapons
 n - a +0 arbalest
 r - a +0 shortbow (weapon)
Missiles
 s - a throwing net
Armour
 c - a +0 leather armour (worn)
 l - a +0 pair of gloves (worn)
Jewellery
 m - a ring of poison resistance (left hand)
 t - a ring of resist corrosion
 u - a ring of protection from fire (right hand)
 B - a ring of flight
Wands
 w - a wand of roots (11)
 y - a wand of acid (5)
 z - a wand of paralysis (2)
Scrolls
 b - 2 scrolls of immolation
 i - a scroll of poison {unknown}
 j - 5 scrolls of identify {unknown}
 q - 3 scrolls of vulnerability {unknown}
 v - a scroll of butterflies {unknown}
 x - a scroll of magic mapping {unknown}
 A - a scroll of blinking {unknown}
Potions
 a - a potion of lignification {unknown}
 d - 2 potions of flight {unknown}
 e - a potion of magic {unknown}
 f - 2 potions of brilliance {unknown}
 g - 3 potions of curing {unknown}
 h - a potion of haste {unknown}
 k - 2 potions of heal wounds {unknown}
 o - 2 potions of degeneration {unknown}
 p - a potion of cancellation {unknown}
 C - a potion of attraction {unknown}


   Skills:
 + Level 3.3 Fighting
 * Level 8.1 Ranged Weapons
 + Level 2.3 Armour
 + Level 4.9 Dodging
 + Level 4.5 Stealth


You had 6 spell levels left.
You didn't know any spells.
Your spell library contained the following spells:

 Spells                   Type           Power      Damage    Failure   Level
 Sandblast                Erth           0%         2d4       38%         1
 Slow                     Hex            0%         N/A       38%         1
 Passwall                 Tmut/Erth      0%         N/A       52%         2
 Confusing Touch          Hex            0%         N/A       77%         3
 Dazzling Flash           Conj/Hex       0%         N/A       77%         3
 Stone Arrow              Conj/Erth      0%         3d7       77%         3
 Vampiric Draining        Necr           0%         2d6       77%         3
 Iskenderun's Mystic Bla  Conj/Tloc      0%         2d3       99%         4
 Summon Lightning Spire   Summ/Air       0%         N/A       99%         4
 Starburst                Conj/Fire      0%         6d3       100%        6
 Storm Form               Tmut/Air       0%         N/A       100%        7
 Maxwell's Capacitive Co  Air            0%         ∞         100%        8


Dungeon Overview and Level Annotations

Branches:
Dungeon (5/15)
 Temple: D:4-7

Altars:
Gozag
Hepliaklqana
Kikubaaqudgha
Wu Jian
Zin

Annotations:
D:5 exclusion: door


Message History

You shoot an arrow. The arrow barely misses the black bear.
The black bear barely misses you. The black bear misses you.
The black bear claws you but does no damage.
The black bear barely misses you. The black bear completely misses you.
The black bear closely misses you.
You shoot an arrow. The arrow barely misses the black bear.
The black bear bites you but does no damage.
The black bear misses you. The black bear closely misses you.
You shoot an arrow. The arrow hits the black bear.
The black bear is heavily wounded.
The black bear closely misses you. The black bear misses you.
The black bear claws you.
You shoot an arrow. The arrow hits the black bear!
The black bear is almost dead.
The black bear goes berserk!
You shoot an arrow. The arrow barely misses the black bear.
The black bear bites you. The black bear misses you. The black bear claws you.
The black bear bites you but does no damage.
The black bear claws you but does no damage. x2
You shoot an arrow.
The arrow hits the black bear but does no damage.
The black bear is almost dead.
The black bear bites you. The black bear barely misses you.
The black bear claws you.
You shoot an arrow. The arrow hits the black bear.
The black bear is almost dead.
The black bear bites you!
* * * LOW HITPOINT WARNING * * *
The black bear claws you.
* * * LOW HITPOINT WARNING * * *
The black bear misses you. The black bear bites you.
* * * LOW HITPOINT WARNING * * *
The black bear misses you. The black bear closely misses you.
Fire: r) +0 shortbow
Press: ? - help, Q - select action, (/) - cycle Shift-Dir - straight line, f/p - black bear
Aim: a black bear (almost dead, berserk, 73% to hit)
You shoot an arrow. The arrow barely misses the black bear.
The black bear bites you but does no damage.
The black bear claws you.
You die...

##........................<......
......................##..##.####
######.###...##.#..#..#......# #
#.# ...##.......#.#.####### #.#
..##.......#<.........
#.########..#.##.###.##.#.##
#.)...........##.# #>.....#
###########......# #.##.#.#
#@#.######.##...## #h#.#
........... #.#.# ###........
#...# #..#####. #.### #.##(((##
#.# #.#.#.#(# #.# ...#..#((# #.#
##.#.#.#.# #. #.##...##


You could see a black bear (berserk).

Vanquished Creatures
  2 black bears (D:5)
  An ogre (D:5)
  A centaur (D:5)
  A necrophage (D:3)
  A scorpion (D:5)
  A hound (D:3)
  2 jellies
  A gnoll (D:2)
  8 adders
  A shadow imp (D:4)
  2 worms
  6 dart slugs
  12 orcs
  5 bats
  10 endoplasms
  3 giant cockroaches
  8 goblins
  8 hobgoblins
  2 jackals (D:1)
  A quokka (D:1)
  9 ball pythons
  4 frilled lizards
  8 kobolds
  6 rats
103 creatures vanquished.

Vanquished Creatures (others)
  A withered plant (D:3)
1 creature vanquished.

Grand Total: 104 creatures vanquished

Notes
Turn   | Place    | Note
-------+----------+-------------------------------------------
     0 | D:1      | Mitcholas the Deep Elf Hunter began the quest for the Orb.
     0 | D:1      | Reached XP level 1. HP: 12/12 MP: 3/3
    90 | D:1      | Reached XP level 2. HP: 16/17 MP: 4/4
   361 | D:1      | Reached XP level 3. HP: 21/21 MP: 5/5
   873 | D:2      | Noticed a golden eye
   879 | D:2      | Noticed a floating eye
   881 | D:2      | Found a faded altar of an unknown god.
   883 | D:2      | Noticed a floating eye
   883 | D:2      | Noticed a golden eye
  1029 | D:2      | Reached skill level 6 in Ranged Weapons
  1029 | D:2      | Reached XP level 4. HP: 26/26 MP: 6/6
  1665 | D:3      | Identified the +8 falchion "Yzucesaf" {heavy, rF+ Int+2}
  1721 | D:3      | Noticed a necrophage
  1732 | D:3      | Killed a necrophage
  1733 | D:3      | Reached skill level 1 in Armour
  1733 | D:3      | Reached XP level 5. HP: 18/31 MP: 7/7
  1788 | D:3      | Found a hazy altar of Hepliaklqana.
  1870 | D:3      | Found an ancient bone altar of Kikubaaqudgha.
  2394 | D:4      | Reached XP level 6. HP: 36/36 MP: 8/8
  2500 | D:4      | Paralysed by an orc for 5 turns
  2511 | D:4      | Reached skill level 7 in Ranged Weapons
  2700 | D:4      | Found an ornate altar of the Wu Jian Council.
  2777 | D:4      | Found a glowing silver altar of Zin.
  2777 | D:4      | Found an opulent altar of Gozag.
  2837 | D:5      | Entered Level 5 of the Dungeon
  3021 | D:5      | Noticed a +0 short sword
  3021 | D:5      | Noticed a +0 short sword
  3021 | D:5      | Noticed a +0 spear
  3022 | D:5      | Noticed a +0 dagger
  3023 | D:5      | Noticed a +0 falchion
  3024 | D:5      | Noticed a +0 falchion
  3025 | D:5      | Noticed a +0 spear
  3025 | D:5      | Noticed a +0 dagger
  3135 | D:5      | Reached XP level 7. HP: 11/41 MP: 9/9
  3276 | D:5      | Identified the +0 falchion of Regicide {freeze, rC+ Int+6}
  3385 | D:5      | Reached skill level 8 in Ranged Weapons
  3554 | D:5      | HP: 2/41 [black bear (5)]
  3555 | D:5      | Slain by a black bear

Illustrated notes

Levels and vault maps discovered:
D:1:      dpeg_arrival_arbitrary_a, layout_basic, minmay_ruptured
D:2:      kennysheep_six_static_rooms, layout_loops_ring,
          hellmonk_ecumenical_altar_watching_god, minmay_misc_feat_roman
D:3:      layout_loops_ring, mainiacjoe_overflow_boulevard,
          kiku_gazebo_garden_becter
D:4:      layout_rooms, grunt_temple_overflow_gold_and_silver,
          nzn_wu_jian_council_hall
D:5:      layout_basic, nicolae_uskayaw_en_pointe

Skill      XL: |  1  2  3  4  5  6  7 |
---------------+----------------------+-----
Stealth        | 2 3 4 |  4.5
Dodging        | 3 4 |  4.9
Fighting       | 2 3 |  3.3
Ranged Weapons | 6 7 8 |  8.1
Armour         | 1 2 |  2.3

Action                   |  1- 3 |  4- 6 |  7- 9 || total
-------------------------+-------+-------+-------++-------
 Fire: Shortbow          |    73 |   180 |    38 ||   291
       Arbalest          |     4 |    14 |       ||    18
Evoke: Wand              |       |     3 |     1 ||     4
Armor: Leather armour    |     7 |    30 |    10 ||    47
Dodge: Dodged            |    22 |    68 |    24 ||   114

Table legend: (Time is in decaauts)
 A = Elapsed time spent in this place.
 B = Non-inter-level travel time spent in this place.
 C = Inter-level travel time spent in this place.
 D = Time resting spent in this place.
 E = Time spent auto-exploring this place.
 F = Levels seen in this place.
 G = Mean time per level.
                   A        B        C        D        E       F      G
               +--------+--------+--------+--------+--------+-----+--------+
         Total |   3633 |   3514 |    119 |    417 |   2439 |   5 |  726.6 |
       Dungeon |   3633 |   3514 |    119 |    417 |   2439 |   5 |  726.6 |
               +--------+--------+--------+--------+--------+-----+--------+

Top non-repeatable levels by time:
     D:2: 865 daAuts
     D:5: 730 daAuts
     D:1: 710 daAuts
     D:4: 680 daAuts
     D:3: 647 daAuts
